 Dungeon Crawl Stone Soup version 0.31.0-32-g396128a36d (webtiles) character file.

Game seed: 7164354317448947592

370 PaiMei the Grave Robber (level 6, -2/46 HPs)
             Began as a Demonspawn Necromancer on Mar 29, 2024.
             Slain by an orc wizard
             ... wielding a +0 dagger
              (3 damage)
             ... on level 4 of the Dungeon.
             The game lasted 00:04:23 (3467 turns).

PaiMei the Grave Robber (Demonspawn Necromancer)    Turns: 3467, Time: 00:04:23

Health: -2/46      AC:  4    Str:  9    XL:     6   Next: 42%
Magic:  4/11       EV: 13    Int: 17    God:
Gold:   138        SH:  0    Dex: 13    Spells: 4/12 levels left

rFire   . . .        j - +6 dagger (venom)
rCold   . . .        (no shield)
rNeg    . . .        a - +0 robe
rPois   .            (no helmet)
rElec   .            (no cloak)
rCorr   .            (no gloves)
SInv    .            (no boots)
Will    .....        (no amulet)
Stlth   +            (no ring)
HPRegen 0.27/turn    (no ring)
MPRegen 0.12/turn

%: no passive effects
@: confused
A: claws 1, slimy green scales 1, powered by pain 1, demonic magic 1
a: no special abilities


You were on level 4 of the Dungeon.
You visited 1 branch of the dungeon, and saw 4 of its levels.

You collected 138 gold pieces.

Inventory:

Hand Weapons
 f - a +1 short sword of speed
 j - a +6 dagger of venom (weapon)
Missiles
 o - 2 throwing nets
 r - 6 poisoned darts
Armour
 a - a +0 robe (worn)
Scrolls
 c - 3 scrolls of fear {unknown}
 g - 3 scrolls of teleportation {unknown}
 i - a scroll of enchant weapon {unknown}
 k - 2 scrolls of identify {unknown}
 l - 2 scrolls of torment {unknown}
 p - 2 scrolls of immolation {unknown}
 q - a scroll of enchant armour {unknown}
Potions
 b - a potion of magic
 d - 3 potions of curing {unknown}
 e - a potion of haste {unknown}
 h - 2 potions of heal wounds {unknown}
 m - a potion of cancellation {unknown}
 n - a potion of invisibility {unknown}


   Skills:
 + Level 2.8 Fighting
 + Level 3.4 Dodging
 - Level 2.1 Stealth
 + Level 3.5 Spellcasting
 + Level 5.7 Necromancy


You had 4 spell levels left.
You knew the following spells:

 Your Spells              Type           Power      Damage    Failure   Level
a - Necrotise             Necr           88%        1d8       1%          1
b - Vampiric Draining     Necr           22%        2d7       4%          3
c - Animate Dead          Necr           22%        N/A       16%         4

Your spell library contained the following spells:

 Spells                   Type           Power      Damage    Failure   Level
 Curse of Agony           Necr           22%        N/A       41%         5


Dungeon Overview and Level Annotations

Branches:
Dungeon (4/15)
 Temple: D:4-7

Altars:

Shops:
D:3 :


Innate Abilities, Weirdness & Mutations

You have sharp fingernails.
You are partially covered in slimy green scales. (AC +2)
You sometimes gain a little power by taking damage.
Spells you cast may paralyse adjacent enemies.


Message History

The orc priest is heavily wounded.
The orc priest closely misses you. Something hits you but does no damage.
Casting: Necrotise (safe; 1% risk of failure)
Confirm with . or Enter, or press ? or * to list all spells.
Aiming: Necrotise (safe; 1% risk of failure)
Press: ? - help, Shift-Dir - straight line, f/p - orc
Aim: an orc, wielding a +0 falchion and wearing a +3 scale mail (severely wounded, paralysed, very poisoned, chance to affect: 91%)
The orc writhes in agony.
Malevolent energies surge around you.
The orc is no longer paralysed.
The orc hits you with a +0 falchion.
* * * LOW HITPOINT WARNING * * *
The orc priest barely misses you. Something hits you.
* * * LOW HITPOINT WARNING * * *
Casting: Necrotise (safe; 1% risk of failure)
Confirm with . or Enter, or press ? or * to list all spells.
Aiming: Necrotise (safe; 1% risk of failure)
Press: ? - help, Shift-Dir - straight line, f/p - orc
Aim: an orc, wielding a +0 falchion and wearing a +3 scale mail (almost dead, very poisoned, chance to affect: 91%)
The orc writhes in agony!
You kill the orc!
Malevolent energies surge around you.
The orc priest suddenly stops moving!
The dead are walking!
You hear some strange, mumbled words.
You are confused.
You bump into the rock wall.
Something hits you.
* * * LOW HITPOINT WARNING * * *
You hit the orc priest.
The orc priest is poisoned.
The orc priest is severely wounded.
Your orc skeleton barely misses something.
Something hits you but does no damage.
You're too confused to cast spells.
You bump into the rock wall.
Your orc skeleton misses something.
Something barely misses you.
You bump into the rock wall.
Your orc skeleton hits something but does no damage.
Something hits you.
* * * LOW HITPOINT WARNING * * *
You bump into the rock wall.
Your orc skeleton closely misses something.
Something hits you.
You die...

.......#.o#...# ..#.###'##
.#.#....#..#...##..#.......
....?........#...##..#.......
#..#)................+.......
.........$......#....#.......
.....#...##..#..##...........
...†.......Z.......[.........
............{)....#.#...####.
............@o......##..## #.
.........#####..#.#.##...###. #.
#........#####..#.#.##.#.....
#.###...........##.......#.#####.
........###.....##..##.###.......
........#.......##.§##.#########.
........#.......##..##...........
........#.......##...............
#.##..#.............##.#####)....


You could see an orc priest (paralysed, very poisoned, ally target) and a
friendly orc skeleton.

Vanquished Creatures
  A phantom (D:4)
  A howler monkey (D:4)
  A bombardier beetle (D:4)
  Jessica (D:3)
  Natasha (twice) (D:3 D:2)
  4 gnolls (D:3)
  3 adders
  A ribbon worm (D:3)
  A dart slug (D:4)
  8 orcs
  10 endoplasms
  A giant cockroach (D:4)
  8 goblins
  2 hobgoblins
  5 jackals
  5 kobolds
  3 quokkas
  5 ball pythons
  4 bats
  5 frilled lizards
  7 rats
78 creatures vanquished.

Notes
Turn   | Place    | Note
-------+----------+-------------------------------------------
     0 | D:1      | PaiMei the Demonspawn Necromancer began the quest for the
                  | Orb.
     0 | D:1      | Reached XP level 1. HP: 13/13 MP: 3/3
   329 | D:1      | Found a faded altar of an unknown god.
   389 | D:1      | Gained mutation: You sometimes gain a little power by
                  | taking damage. [demonic ancestry]
   389 | D:1      | Reached XP level 2. HP: 19/19 MP: 3/5
  1411 | D:2      | Gained mutation: Spells you cast may paralyse adjacent
                  | enemies. [demonic ancestry]
  1411 | D:2      | Reached XP level 3. HP: 22/25 MP: 0/6
  1415 | D:2      | Learned a level 3 spell: Vampiric Draining
  2147 | D:3      | Reached skill level 1 in Fighting
  2254 | D:3      | Noticed Natasha
  2262 | D:3      | Killed Natasha
  2263 | D:3      | Reached skill level 5 in Necromancy
  2263 | D:3      | Gained mutation: You have sharp fingernails. [demonic
                  | ancestry]
  2263 | D:3      | Reached XP level 4. HP: 23/32 MP: 4/8
  2395 | D:3      | Noticed Natasha
  2407 | D:2      | Killed Natasha
  2622 | D:3      | Found Boittex's Book Shop.
  2658 | D:3      | Gained mutation: You are partially covered in slimy green
                  | scales. (AC +2) [demonic ancestry]
  2658 | D:3      | Reached XP level 5. HP: 23/38 MP: 3/9
  2936 | D:3      | Noticed Jessica
  2940 | D:3      | Killed Jessica
  3089 | D:4      | Learned a level 4 spell: Animate Dead
  3384 | D:4      | Noticed a phantom
  3452 | D:4      | Killed a phantom
  3453 | D:4      | Reached XP level 6. HP: 16/46 MP: 7/11
  3466 | D:4      | HP: 1/46 [something (3)]
  3467 | D:4      | Slain by an orc wizard

Illustrated notes

Levels and vault maps discovered:
D:1:      minmay_arrival_five_plusses, layout_basic,
          ebering_ecumenical_altar_webs
D:2:      minmay_angry_zag, layout_loops_ring, kennysheep_minor_cross,
          corexii_corridor_pit
D:3:      layout_rooms, serial_shops, nicolae_shop_back_alley_shop,
          kennysheep_jessica_study, uniq_natasha
D:4:      layout_basic, grunt_ministairs_14

Skill      XL: |  1  2  3  4  5 |
---------------+----------------+-----
Stealth        | 2 |  2.1
Dodging        | 2 3 |  3.4
Fighting       | 1 2 |  2.8
Necromancy     | 5 |  5.7
Spellcasting   | 3 |  3.5

Action                     |  1- 3 |  4- 6 || total
---------------------------+-------+-------++-------
  Melee: Short sword       |     9 |       ||     9
         Dagger            |    17 |    38 ||    55
   Cast: Necrotise         |    60 |    53 ||   113
   Stab: Paralysed         |     2 |    10 ||    12
 Armour: Robe              |    28 |    38 ||    66
  Dodge: Dodged            |    18 |    33 ||    51
